 Dungeon Crawl Stone Soup version 0.31-a0-1338-gb567cfdca4 (webtiles) character file.

Game seed: 2124589897733109075

158 grandjackal the Trooper (level 5, 0/54 HPs)
             Began as an Oni Gladiator on Dec 21, 2023.
             Slain by Natasha (5 damage)
             ... on level 4 of the Dungeon.
             The game lasted 00:02:43 (2928 turns).

grandjackal the Trooper (Oni Gladiator)             Turns: 2928, Time: 00:02:44

Health: 0/54       AC: -13   Str: 20    XL:     5   Next: 39%
Magic:  5/5        EV: 10    Int:  9    God:
Gold:   163        SH:  0    Dex: 10    Spells: 4/4 levels left

rFire   . . .        a - +0 flail
rCold   . . .        (no shield)
rNeg    . . .        b - +0 robe
rPois   .            c - +0 hat
rElec   .            (no cloak)
rCorr   .            (gloves unavailable)
SInv    .            (boots unavailable)
Will    .....        (no amulet)
Stlth   +            (no ring)
HPRegen 0.29/turn    (no ring)
MPRegen 0.09/turn

%: no passive effects
@: corroded, slowed, very slow
A: drunken brawling, large, unfitting armour, horns 1, tough skin 1, double
potion healing
a: no special abilities


You were on level 4 of the Dungeon.
You visited 1 branch of the dungeon, and saw 4 of its levels.

You collected 163 gold pieces.

Inventory:

Hand Weapons
 a - a +0 flail (weapon)
 m - a +0 giant spiked club
Missiles
 d - 3 throwing nets
 e - 6 large rocks (quivered)
Armour
 b - a +0 robe (worn)
 c - a +0 hat (worn)
Jewellery
 o - an amulet of magic regeneration
Wands
 f - a wand of flame (13)
 q - a wand of polymorph (7)
 r - a wand of digging (6)
Scrolls
 g - 2 scrolls of fog
 h - a scroll of enchant armour {unknown}
 k - a scroll of revelation {unknown}
 p - a scroll of torment {unknown}
Potions
 i - 2 potions of might {unknown}
 j - 7 potions of curing {unknown}
 l - a potion of haste
 n - a potion of lignification
 s - a potion of cancellation {unknown}


   Skills:
 + Level 4.2 Fighting
 + Level 3.8 Maces & Flails
 + Level 3.2 Throwing
 + Level 3.5 Dodging


You had 4 spell levels left.
You didn't know any spells.
Your spell library contained the following spells:

 Spells                   Type           Power      Damage    Failure   Level
 Slow                     Hex            0%         N/A       38%         1
 Confusing Touch          Hex            0%         N/A       77%         3
 Sigil of Binding         Hex            0%         N/A       77%         3
 Vampiric Draining        Necr           0%         2d6       77%         3


Dungeon Overview and Level Annotations

Branches:
Dungeon (4/15)
 Temple: D:4-7

Altars:

Annotations:
D:4 Natasha


Innate Abilities, Weirdness & Mutations

Whenever you drink a potion that restores your health or magic, you attack all enemies around you.
You are too large for most types of armour.
You have a pair of small horns on your head.
You have tough skin. (AC +1)
Whenever you drink a potion that restores your health or magic, it restores twice as much.


Message History

Press: ? - help, Shift-Dir - straight line, f/p - jelly
Aim: a jelly (moderately wounded, 100% to hit)
The puff of flame hits the jelly.
The jelly is heavily wounded.
The jelly closely misses you.
Natasha mumbles some strange words.
Aiming: Throw Flame
Press: ? - help, Shift-Dir - straight line, f/p - jelly
Aim: a jelly (heavily wounded, 100% to hit)
The puff of flame hits the jelly.
The jelly is severely wounded.
The jelly hits you.
* * * LOW HITPOINT WARNING * * *
The acid corrodes you!
You are splashed with acid.
* * * LOW HITPOINT WARNING * * *
Natasha casts a spell.
Aiming: Throw Flame
Press: ? - help, Shift-Dir - straight line, f/p - jelly
Aim: a jelly (severely wounded, 100% to hit)
The puff of flame hits the jelly!
You kill the jelly!
The cerulean imp barely misses you.
Unknown command.
Aiming: Throw Flame
Press: ? - help, Shift-Dir - straight line, f - Natasha
Aim: Natasha (60% to hit)
The puff of flame misses Natasha.
Natasha stares at you and mumbles some strange words.
You feel yourself slow down.
The cerulean imp hits you from afar with a +1 spear.
* * * LOW HITPOINT WARNING * * *
The cerulean imp closely misses you.
Aiming: Throw Flame
Press: ? - help, Shift-Dir - straight line, f/p - Natasha
Aim: Natasha (60% to hit)
The puff of flame hits Natasha.
Natasha is moderately wounded.
Natasha claws you.
You die...
Natasha curls up and begins to purr.

#.# #.# #.# #.# .# #.#
#.# .#
#.#############.# [#
...........##...# h#
#.########.##...# .#
..# #.##...# .# ###
#.##...##5#.#### #
########.####.@h.......
# #........#
####5#.#... #
#........# .# #
#........# .# #
#........# .#
###........# .#
....######.# ..
###'#### #.# .#
.......# #.#


You could see Natasha and 2 cerulean imps.

Vanquished Creatures
  A jelly (D:4)
  3 gnolls
  5 adders
  A worm (D:2)
  2 dart slugs
  2 orcs (D:3)
  3 endoplasms (D:3)
  4 giant cockroaches
  4 goblins
  2 hobgoblins (D:1)
  5 kobolds
  2 quokkas
  4 ball pythons
  7 bats
  A frilled lizard (D:1)
  6 rats
52 creatures vanquished.

Notes
Turn   | Place    | Note
-------+----------+-------------------------------------------
     0 | D:1      | grandjackal the Oni Gladiator began the quest for the Orb.
     0 | D:1      | Reached XP level 1. HP: 22/22 MP: 1/1
   125 | D:1      | Found a faded altar of an unknown god.
   172 | D:1      | Reached XP level 2. HP: 28/29 MP: 2/2
   244 | D:1      | Reached skill level 3 in Fighting
   885 | D:2      | Reached XP level 3. HP: 37/37 MP: 3/3
  1313 | D:2      | Noticed Terence
  1324 | D:2      | Terence changed into Terence the ball python
  1324 | D:2      | Noticed Terence
  1326 | D:2      | Killed Terence the ball python
  1589 | D:2      | Reached XP level 4. HP: 31/48 MP: 4/4
  2420 | D:3      | Reached skill level 4 in Fighting
  2526 | D:4      | Reached XP level 5. HP: 50/54 MP: 5/5
  2917 | D:4      | Noticed Natasha
  2928 | D:4      | Slain by Natasha

Illustrated notes

Levels and vault maps discovered:
D:1:      minmay_arrival_stone_box, layout_basic,
          ebering_ecumenical_altar_petrified
D:2:      wad_pebble_path, layout_basic, grunt_ministairs_7,
          minmay_worlds_worst_comb, uniq_terence
D:3:      layout_loops_ring, solitary_fountain
D:4:      minmay_evil_eye, layout_basic, uniq_natasha

Skill      XL: |  1  2  3  4 |
---------------+-------------+-----
Fighting       | 3 4 |  4.2
Dodging        | 3 |  3.5
Throwing       | 3 |  3.2
Maces & Flails | |  3.8

Action                     |  1- 3 |  4- 6 || total
---------------------------+-------+-------++-------
  Melee: Flail             |    74 |    65 ||   139
         Headbutt          |    11 |    13 ||    24
         Punch             |     1 |       ||     1
  Throw: Large rock        |     2 |       ||     2
  Evoke: Wand              |     3 |     6 ||     9
    Use: Scroll            |     3 |     2 ||     5
         Potion            |     2 |       ||     2
   Stab: Sleeping          |       |     1 ||     1
 Armour: Robe              |    59 |    51 ||   110
  Dodge: Dodged            |    51 |    38 ||    89

Table legend: (Time is in decaauts)
 A = Elapsed time spent in this place.
 B = Non-inter-level travel time spent in this place.
 C = Inter-level travel time spent in this place.
 D = Time resting spent in this place.
 E = Time spent auto-exploring this place.
 F = Levels seen in this place.
 G = Mean time per level.
                   A        B        C        D        E       F      G
               +--------+--------+--------+--------+--------+-----+--------+
         Total |   2962 |   2897 |     65 |    219 |   2252 |   4 |  740.5 |
       Dungeon |   2962 |   2897 |     65 |    219 |   2252 |   4 |  740.5 |
               +--------+--------+--------+--------+--------+-----+--------+

Top non-repeatable levels by time:
     D:3: 839 daAuts
     D:1: 837 daAuts
     D:2: 822 daAuts
     D:4: 462 daAuts
